 Dungeon Crawl Stone Soup version 0.31-a0-1529-g7bd419a0e5 (webtiles) character file.

Game seed: 1311115772671611209

101 Dirian the Covered (level 4, -1/41 HPs)
             Began as a Minotaur Fighter on Jan 1, 2024.
             Slain by Grinder (4 damage)
             ... on level 3 of the Dungeon.
             The game lasted 00:01:47 (1629 turns).

Dirian the Covered (Minotaur Fighter)               Turns: 1629, Time: 00:01:48

Health: -1/41      AC: 12    Str: 22    XL:     4   Next: 48%
Magic:  3/3        EV:  9    Int:  5    God:
Gold:   88         SH:  4    Dex: 10    Spells: 3/3 levels left

rFire   . . .        a - +0 war axe
rCold   . . .        c - +0 buckler
rNeg    . . .        b - +0 scale mail
rPois   .            (helmet restricted)
rElec   .            (no cloak)
rCorr   .            o - +0 pair of gloves
SInv    .            (no boots)
Will    .....        (no amulet) Stlth
                     j - +4 ring of protection
HPRegen 0.26/turn    (no ring)
MPRegen 0.08/turn

%: no passive effects
@: mighty
A: horns 2, retaliatory headbutt
a: no special abilities


You were on level 3 of the Dungeon.
You visited 1 branch of the dungeon, and saw 3 of its levels.

You collected 88 gold pieces.

Inventory:

Hand Weapons
 a - a +0 war axe (weapon)
 i - a +0 war axe
Armour
 b - a +0 scale mail (worn)
 c - a +0 buckler (worn)
 f - a +0 plate armour
 o - a +0 pair of gloves (worn)
Jewellery
 j - a +4 ring of protection (left hand)
Scrolls
 e - 2 scrolls of identify {unknown}
 k - 2 scrolls of enchant armour {unknown}
 l - a scroll of immolation {unknown}
 n - a scroll of noise {unknown}
Potions
 g - a potion of heal wounds {unknown}
 h - a potion of curing {unknown}
 m - a potion of invisibility {unknown}


   Skills:
 + Level 4.4 Fighting
 + Level 4.0 Axes
 + Level 4.4 Armour
 + Level 4.1 Shields


You had 3 spell levels left.
You didn't know any spells.
Your spell library was empty.

Dungeon Overview and Level Annotations

Branches:
Dungeon (3/15) Zot: 16335

Altars:
Zin

Annotations:
D:3 Grinder


Innate Abilities, Weirdness & Mutations

You have a pair of horns on your head.
You reflexively headbutt those who attack you in melee.


Message History

You resist with significant effort.
The bombardier beetle sprays incendiary fluid at you.
You block the burning spray.
You barely miss Grinder. You barely miss the ribbon worm.
You slash the bombardier beetle!
You kill the bombardier beetle!
You block the ribbon worm's attack. Grinder hits you.
* * * LOW HITPOINT WARNING * * *
You writhe in agony.
* * * LOW HITPOINT WARNING * * *
The ribbon worm bites you but does no damage.
Your Axes skill increases to level 4!
You hit Grinder.
Grinder is lightly wounded.
You slash the ribbon worm! Grinder hits you but does no damage.
Grinder blinks!
The ribbon worm bites you but does no damage.
You slash the ribbon worm!
You kill the ribbon worm!
You slash Grinder!
Grinder is moderately wounded.
Grinder hits you but does no damage. Grinder gestures at you.
You resist with significant effort.
You slash Grinder!
Grinder is severely wounded.
Grinder hits you.
* * * LOW HITPOINT WARNING * * *
You writhe in agony.
* * * LOW HITPOINT WARNING * * *
You closely miss Grinder.
Grinder is severely wounded.
Grinder says, "I used to sell toenails on the black market."
Grinder hits you but does no damage.
You slash Grinder! Your headbutt misses Grinder.
Grinder is almost dead.
Grinder hits you.
* * * LOW HITPOINT WARNING * * *
You writhe in agony.
You die...
Grinder sighs, "Dead already?
I want a refund."

# #### #. ..#
###.### #.#
#....†#
#.#########
#@###.......#.####
#5>..######>.<....
#.##.# #.#.####
.[.##!# #.#.#
#####... #.#.#
.... ..#.# .<..##
#.... .#.## #...>
#.#.# ##...


You could see Grinder.

Vanquished Creatures
  A bombardier beetle (D:3)
  2 adders (D:2)
  4 ribbon worms
  5 ball pythons (D:1)
  A bat (D:1)
  4 endoplasms
  4 giant cockroaches
  5 goblins
  3 hobgoblins
  4 kobolds
  2 quokkas
  2 frilled lizards
  4 rats (D:1)
41 creatures vanquished.

Notes
Turn   | Place    | Note
-------+----------+-------------------------------------------
     0 | D:1      | Dirian the Minotaur Fighter began the quest for the Orb.
     0 | D:1      | Reached XP level 1. HP: 19/19 MP: 0/0
   248 | D:1      | Reached XP level 2. HP: 27/27 MP: 1/1
   293 | D:1      | You fall into a shaft and drop 1 floor!
   329 | D:2      | Found a glowing silver altar of Zin.
   433 | D:2      | Reached XP level 3. HP: 33/33 MP: 2/2
  1605 | D:3      | Reached XP level 4. HP: 41/41 MP: 3/3
  1606 | D:3      | Noticed Grinder
  1612 | D:3      | Paralysed by Grinder for 5 turns
  1629 | D:3      | Slain by Grinder

Illustrated notes

Levels and vault maps discovered:
D:1:      minmay_arrival_glassed_features, layout_basic, minmay_parallelograms
D:2:      layout_loops_cross, basic_altar, minmay_crystal_water
D:3:      layout_loops_ring, kiku_gazebo_pond_becter, grunt_ministairs_2,
          minmay_misc_feat_hallway, uniq_ijyb, uniq_grinder

Skill      XL: |  1  2  3  4 |
---------------+-------------+-----
Fighting       | 4 |  4.4
Armour         | 4 |  4.4
Axes           | 3 4 |  4.0
Shields        | 4 |  4.1

Action                     |  1- 3 |  4- 6 || total
---------------------------+-------+-------++-------
  Melee: War axe           |    75 |    13 ||    88
         Headbutt          |     6 |       ||     6
    Use: Potion            |       |     1 ||     1
 Armour: Scale mail        |    41 |    20 ||    61
  Dodge: Dodged            |    27 |     2 ||    29
  Block: Buckler           |    17 |     5 ||    22

Table legend: (Time is in decaauts)
 A = Elapsed time spent in this place.
 B = Non-inter-level travel time spent in this place.
 C = Inter-level travel time spent in this place.
 D = Time resting spent in this place.
 E = Time spent auto-exploring this place.
 F = Levels seen in this place.
 G = Mean time per level.
                   A        B        C        D        E       F      G
               +--------+--------+--------+--------+--------+-----+--------+
         Total |   1662 |   1572 |     90 |      0 |   1306 |   3 |  554.0 |
       Dungeon |   1662 |   1572 |     90 |      0 |   1306 |   3 |  554.0 |
               +--------+--------+--------+--------+--------+-----+--------+

Top non-repeatable levels by time:
     D:1: 851 daAuts
     D:2: 765 daAuts
     D:3: 45 daAuts
